Map: Acid Plant LE

Players

Neeb

  • Race: Protoss Protoss
  • Spawn Location: 11:00

MaNa - Winner!

  • Race: Protoss Protoss
  • Spawn Location: 5:00

Event: WCS Austin 2018

VOD

Have the link to the VOD?

Description

Time

  • Played on: June 2, 2018, 5:35 p.m.
  • Length: 5:28

All games in this series

Show
View Real Time Build Order
Export as new Build Order

Neeb Protoss 

Build Orders: Phoenix Opening 

Get SALT Encoding   

  12  0:00  Probe  
  13  0:12  Probe  
  14  0:17  Pylon  
  14  0:23  Probe  
  15  0:31  Probe  
  15  0:36  Gateway  
  15  0:40  Probe  
  16  0:47  Assimilator  
  17  0:51  Probe  
  17  0:54  Assimilator  
  18  1:00  Probe  
  19  1:07  Gateway  
  19  1:08  Probe  
  19  1:17  Probe  
  20  1:24  Cybernetics Core  
  21  1:29  Probe  
  22  1:34  Pylon  
  22  1:41  Probe  
  23  1:53  Probe  
  24  2:02  Stalker, Sentry, Warp Gate  
  24  2:05  Probe  
  29  2:09  Pylon  
  29  2:28  Stalker  
  31  2:32  Stalker  
  33  2:51  Stargate  
  33  2:56  Nexus  
  33  3:01  Probe  
  34  3:16  Shield Battery  
  34  3:17  Shield Battery  
  34  3:19  Probe  
  35  3:28  Phoenix  
  35  3:31  Probe  
  35  3:39  Robotics Facility  
  37  3:43  Probe  
  38  3:55  Probe  
  39  3:57  Pylon  
  39  4:00  Phoenix  
  39  4:04  Shield Battery  
  39  4:08  Probe x2  
  43  4:18  Assimilator  
  43  4:20  Probe  
  43  4:22  Phoenix  
  45  4:27  Stargate  
  44  4:38  Stalker x2  
Show
View Real Time Build Order
Export as new Build Order

MaNa Protoss - Winner!

Build Orders: Phoenix Opening 

Get SALT Encoding   

  12  0:00  Probe  
  13  0:12  Probe  
  14  0:17  Pylon  
  14  0:24  Probe  
  15  0:32  Probe  
  15  0:38  Gateway  
  15  0:40  Probe  
  16  0:46  Assimilator  
  17  0:50  Probe  
  17  0:55  Assimilator  
  18  0:58  Probe  
  19  1:06  Probe  
  19  1:07  Gateway  
  20  1:17  Probe  
  21  1:25  Cybernetics Core  
  21  1:29  Probe  
  22  1:36  Pylon  
  22  1:41  Probe  
  23  1:54  Probe  
  24  2:02  Adept x2, Warp Gate  
  28  2:12  Stargate  
  28  2:18  Probe  
  29  2:26  Pylon  
  29  2:35  Stalker  
  31  2:44  Stalker  
  31  2:47  Phoenix  
  35  2:59  Pylon  
  35  3:05  Stalker  
  35  3:09  Phoenix  
  39  3:25  Gateway  
  39  3:30  Phoenix  
  41  3:46  Pylon  
  41  3:52  Phoenix  
  43  4:05  Stalker x2  
  47  4:19  Pylon  
  47  4:22  Stalker  
  49  4:34  Phoenix  
Tags
 
Add a new tag
Caveats
  • Supply blocks, unpowered buildings, or Contaminate may cause inaccurate times.
  • Supply counts are checked every 10 seconds.